AoeStats
← 陟遐自迩

MegaRandom

509024276Analyzed
4v4 RM · 7d ago on Sep 25, 2026· 50m 48s· 8 players
Game mode
Random Map
Map size
Large (8 player)
Population
200
Speed
Normal
Resources
Standard
Victory
Conquest
Starting age
Dark Age
Ending age
Imperial Age
RankedLock teamsTeams togetherTeam positionsShared explorationLock speedFull tech treeHidden civsTurbo modeCheats
Victory
Defeat
🇺🇸 Mongols · United States
1098
+14
🇵🇪 Franks · Peru
1070
+15
🇩🇪 Saxons · Germany
1056
+16
🇨🇳 Britons · China
1027
+18
🇨🇳 Franks · China
1065
-16
🇮🇱 Vikings · Israel
1062
-16
🇺🇸 Magyars · United States
1053
-16
🇲🇽 Byzantines · Mexico
1045
-15
DRAGONROJO500
3:00 Loom
11:09 Feudal Age
21:38 Castle Age
20:11 Double-Bit Axe
20:09 Horse Collar
23:25 Squires
23:40 Forging
24:26 Wheelbarrow
24:08 Bow Saw
26:20 Heavy Plow
28:31 Iron Casting
29:05 Gold Mining
29:50 Stone Mining
30:54 Ballistics
30:39 Elite Skirmisher
31:50 Fletching
35:59 Imperial Age
34:08 Fortified Wall
34:27 Bodkin Arrow
34:46 Thumb Ring
35:53 Stone Shaft Mining
37:47 Chemistry
37:08 Hand Cart
37:08 Bracer
37:43 Padded Archer Armor
39:48 Leather Archer Armor
40:45 Elite Varangian Guard
42:02 Ring Archer Armor
42:35 Gold Shaft Mining
43:10 Scale Barding Armor
43:02 Heavy Camel Rider
45:39 Chain Barding Armor
45:48 Conscription
46:28 Husbandry
47:41 Plate Barding Armor
killinserotonin
8:34 Loom
10:19 Feudal Age
12:50 Double-Bit Axe
18:11 Castle Age
16:09 Horse Collar
19:12 Bow Saw
23:32 Wheelbarrow
24:33 Gold Mining
27:58 Gold Shaft Mining
27:29 Town Watch
29:36 Heavy Plow
32:39 Imperial Age
30:25 Hand Cart
30:39 Stone Mining
31:51 Ballistics
32:07 Fletching
32:43 Padded Archer Armor
32:49 Scale Barding Armor
33:50 Parthian Tactics
32:46 Heavy Cavalry Archer
34:29 Chemistry
34:25 Caravan
35:02 Thumb Ring
35:56 Crop Rotation
35:52 Bloodlines
35:42 Husbandry
35:04 Light Cavalry
36:48 Hussar
38:20 Conscription
38:01 Corvinian Army
38:09 Bodkin Arrow
38:35 Chain Barding Armor
38:30 Leather Archer Armor
39:36 Bracer
40:38 Recurve Bow
41:16 Ring Archer Armor
41:17 Chain Barding Armor
Mike
9:17 Loom
11:24 Feudal Age
20:02 Castle Age
17:48 Double-Bit Axe
17:44 Horse Collar
21:39 Bow Saw
22:00 Scale Mail Armor
26:18 Heavy Plow
26:23 Squires
26:43 Chain Mail Armor
27:37 Forging
27:16 Arson
30:19 Iron Casting
36:10 Imperial Age
34:21 Gold Mining
34:22 Stone Mining
37:29 Plate Mail Armor
38:06 Blast Furnace
36:42 Capped Ram
38:07 Siege Engineers
41:32 Conscription
42:43 Chieftains
aaa916_
7:12 Loom
10:09 Feudal Age
17:30 Castle Age
19:35 Husbandry
25:01 Scale Barding Armor
34:05 Forging
34:45 Wheelbarrow
35:10 Double-Bit Axe
35:18 Gold Mining
35:20 Stone Mining
37:59 Bow Saw
38:26 Gold Shaft Mining
42:04 Imperial Age
44:47 Imperial Age
45:42 Imperial Age
kneehao
7:29 Loom
10:20 Feudal Age
18:51 Castle Age
17:27 Double-Bit Axe
19:43 Horse Collar
21:35 Stone Mining
23:28 Town Watch
24:41 Fletching
26:22 Bodkin Arrow
27:53 Padded Archer Armor
32:16 Wheelbarrow
37:26 Imperial Age
34:53 Gold Mining
35:27 Heavy Plow
36:05 Stone Shaft Mining
35:55 Hand Cart
36:30 Leather Archer Armor
36:32 Scale Barding Armor
38:32 Conscription
38:16 Bracer
38:35 Bloodlines
38:26 Husbandry
39:41 Ballistics
40:23 Chemistry
39:36 Crossbowman
40:21 Thumb Ring
40:07 Light Cavalry
41:45 Gold Shaft Mining
41:03 Elite Mangudai
41:16 Hussar
The_Valhalla
9:05 Feudal Age
10:27 Loom
18:02 Double-Bit Axe
19:39 Scale Barding Armor
19:45 Forging
21:53 Castle Age
20:19 Gold Mining
23:00 Wheelbarrow
22:56 Chain Barding Armor
23:11 Iron Casting
23:34 Iron Casting
23:41 Husbandry
29:15 Hand Cart
36:06 Imperial Age
33:28 Loom
33:29 Town Watch
35:39 Gold Shaft Mining
34:56 Stone Mining
34:44 Light Cavalry
37:47 Blast Furnace
37:22 Plate Barding Armor
37:47 Blast Furnace
37:23 Plate Barding Armor
37:15 Bow Saw
36:35 Cavalier
38:22 Paladin
42:44 Conscription
41:45 Ordonnance Companies
46:56 Caravan
48:20 Chivalry
Pay It Forward
0:34 Loom
10:15 Feudal Age
14:49 Castle Age
22:00 Wheelbarrow
24:05 Horse Collar
24:16 Fletching
24:32 Gold Mining
24:34 Double-Bit Axe
26:16 Bodkin Arrow
26:49 Hand Cart
26:34 Town Watch
29:15 Bodkin Arrow
30:19 Yeomen
30:25 Yeomen
30:56 Ballistics
30:48 Fortified Wall
30:49 Murder Holes
30:35 Treadmill Crane
31:06 Masonry
33:36 Imperial Age
31:23 Padded Archer Armor
33:00 Gold Shaft Mining
32:37 Bow Saw
32:30 Heavy Plow
32:50 Leather Archer Armor
35:29 Chemistry
35:00 Architecture
35:35 Two-Man Saw
34:03 Elite Longbowman
35:08 Bracer
36:08 Architecture
36:08 Conscription
37:23 Guilds
37:14 Caravan
41:14 Ring Archer Armor
46:05 Fervor
46:15 Sanctity
49:56 Siege Engineers
51:20 Coinage
陟遐自迩
0:42 Loom
12:12 Feudal Age
14:22 Fishing Lines
20:22 Castle Age
19:25 Stone Mining
19:30 Double-Bit Axe
21:41 Wheelbarrow
23:08 Gillnets
23:45 Bow Saw
25:52 Gold Mining
33:26 Imperial Age
31:41 Gold Shaft Mining
32:38 Squires
32:25 Arson
32:25 Gambesons
33:10 Caravan
35:16 Two-Man Saw
34:15 Elite Varangian Guard
35:12 Forging
35:02 Scale Mail Armor
34:44 Horse Collar
34:39 Pikeman
34:40 Man-at-Arms
36:28 Conscription
35:31 Shield Wall
36:47 Hand Cart
36:17 Town Watch
37:10 Iron Casting
36:51 Chain Mail Armor
36:14 Elite Hearth Troop
39:16 Plate Mail Armor
39:08 Town Patrol
39:52 Coinage
41:48 Long Swordsman
47:09 Clerical Recruitment
Connection lost

Rejoining the realm…

Still unreachable

The connection could not be restored.

Session expired

The server has moved on; the page needs a fresh start.